 Dungeon Crawl Stone Soup version 0.32-a0-986-ga09f62fbf4 (webtiles) character file.

Game seed: 6776580122646770574

119 protoss039 the Digger (level 4, 0/34 HPs)
             Began as a Demonspawn Earth Elementalist on Apr 21, 2024.
             Slain by a black bear (1 damage)
             ... on level 3 of the Dungeon.
             The game lasted 00:03:55 (2303 turns).

protoss039 the Digger (DsEE)                        Turns: 2303, Time: 00:03:56

Health: 0/34       AC:  4    Str:  8    XL:     4   Next: 74%
Magic:  5/8        EV: 11    Int: 17    God:
Gold:   95         SH:  0    Dex: 14    Spells: 2/9 levels left

rFire   . . .        f - +0 dagger
rCold   + . .        (no shield)
rNeg    . . .        a - +0 robe
rPois   .            k - +0 helmet
rElec   .            q - +0 cloak
rCorr   +            (no gloves)
SInv    .            (no boots)
Will    .....        b - amulet of the acrobat
Stlth   ++           c - ring of protection from cold
HPRegen 0.25/turn    i - ring of resist corrosion
MPRegen 0.11/turn

%: acrobat
@: no status effects
A: hooves 1, demonic magic 1
a: no special abilities


You were on level 3 of the Dungeon.
You visited 1 branch of the dungeon, and saw 4 of its levels.

You collected 95 gold pieces.

Inventory:

Hand Weapons
 f - a +0 dagger (weapon)
Missiles
 l - 2 throwing nets
Armour
 a - a +0 robe (worn)
 h - a +2 scale mail of willpower
 k - a +0 helmet (worn)
 q - a +0 cloak (worn)
Jewellery
 b - an amulet of the acrobat (around neck)
 c - a ring of protection from cold (left hand)
 i - a ring of resist corrosion (right hand)
 p - a ring of protection from cold
Wands
 j - a wand of warping (10)
Scrolls
 g - a scroll of identify {unknown}
 n - a scroll of revelation {unknown}
 o - a scroll of blinking {unknown}
 r - a scroll of immolation {unknown}
 s - a scroll of silence {unknown}
Potions
 d - a potion of berserk rage {unknown}
 e - 2 potions of mutation {unknown}
 m - a potion of heal wounds {unknown}


   Skills:
 + Level 2.5 Fighting
 - Level 1.7 Dodging
 - Level 1.7 Stealth
 + Level 3.1 Spellcasting
 - Level 1.0 Conjurations
 + Level 3.5 Earth Magic


You had 2 spell levels left.
You knew the following spells:

 Your Spells              Type           Power      Damage    Failure   Level
a - Sandblast             Erth           28%        2d8       4%          1
b - Passwall              Erth           14%        N/A       12%         3
c - Stone Arrow           Conj/Erth      20%        3d8       21%         3

Your spell library contained the following spells:

 Spells                   Type           Power      Damage    Failure   Level
 Ensorcelled Hibernation  Hex/Ice        4%         N/A       26%         2
 Swiftness                Air            2%         N/A       45%         3
 Brom's Barrelling Bould  Conj/Erth      10%        2d3       56%         4
 Petrify                  Alch/Erth      8%         N/A       63%         4
 Conjure Ball Lightning   Conj/Air       2%         3x3d6     100%        6
 Discord                  Hex            1%         N/A       100%        8
 Disjunction              Tloc           1%         N/A       100%        8


Dungeon Overview and Level Annotations

Branches:
Dungeon (4/15) Zot: 21653
 Temple: D:4-7

Altars:
Okawaru


Innate Abilities, Weirdness & Mutations

You have large cloven feet.
Spells you cast may paralyse adjacent enemies.


Message History

A black bear is nearby!
A black bear is nearby!
The black bear barely misses you. The black bear claws you.
The black bear completely misses you.
A black bear is nearby!
Casting: Sandblast (safe; 4% risk of failure)
Confirm with . or Enter, or press ? or * to list all spells.
Aiming: Sandblast (safe; 4% risk of failure)
Press: ? - help, Shift-Dir - straight line, f - black bear
Aim: a black bear (87% to hit)
The blast of sand misses the black bear.
Malevolent energies surge around you. The black bear bites you!
The black bear barely misses you. x2; The black bear bites you.
The black bear claws you. x2
You closely miss the black bear. The black bear bites you!
The black bear claws you but does no damage. x2
Unknown command.
Casting: Sandblast (safe; 4% risk of failure)
Confirm with . or Enter, or press ? or * to list all spells.
Aiming: Sandblast (safe; 4% risk of failure)
Press: ? - help, Shift-Dir - straight line, f/p - black bear
Aim: a black bear (87% to hit)
The blast of sand hits the black bear!
The black bear is heavily wounded.
Malevolent energies surge around you. The black bear barely misses you.
The black bear claws you. x2
* * * LOW HITPOINT WARNING * * *
Casting: Sandblast (safe; 4% risk of failure)
Confirm with . or Enter, or press ? or * to list all spells.
Aiming: Sandblast (safe; 4% risk of failure)
Press: ? - help, Shift-Dir - straight line, f/p - black bear
Aim: a black bear (heavily wounded, 87% to hit)
The blast of sand hits the black bear.
The black bear is heavily wounded.
Malevolent energies surge around you. The black bear bites you.
* * * LOW HITPOINT WARNING * * *
The black bear claws you.
* * * LOW HITPOINT WARNING * * *
The black bear claws you.
You die...

#........## ..........#
....(.....# ..........#
#..........#
#..........##### ###
##.....$h....... ..#
#.......@..##...#### #..
#......#.#.#.#.#.#.# #
#..................# #
#......#.#.#.#.#.#.######
#..................>....#
##.....#.#.#.#.#.######..
##...........(...# ##.
###.##.#.#.#.#.## #.
#.#..†........# #.


You could see a black bear.

Vanquished Creatures
  3 gnolls (D:2)
  2 adders (D:2)
  4 ribbon worms (D:2)
  A dart slug (D:3)
  4 endoplasms
  4 giant cockroaches
  5 goblins
  6 hobgoblins
  3 jackals (D:3)
  4 quokkas
  4 ball pythons
  6 bats
  2 frilled lizards
  6 kobolds
  4 rats
58 creatures vanquished.

Notes
Turn   | Place    | Note
-------+----------+-------------------------------------------
     0 | D:1      | protoss039 the Demonspawn Earth Elementalist began the
                  | quest for the Orb.
     0 | D:1      | Reached XP level 1. HP: 13/13 MP: 3/3
   273 | D:1      | Gained mutation: You have large cloven feet. [demonic
                  | ancestry]
   273 | D:1      | Reached XP level 2. HP: 20/20 MP: 0/5
   365 | D:1      | Reached skill level 1 in Fighting
  1010 | D:2      | Reached XP level 3. HP: 26/26 MP: 1/6
  1239 | D:2      | Learned a level 3 spell: Passwall
  1243 | D:2      | Learned a level 3 spell: Stone Arrow
  1264 | D:2      | You fall into a shaft and drop 2 floors!
  1364 | D:2      | Gained mutation: Spells you cast may paralyse adjacent
                  | enemies. [demonic ancestry]
  1364 | D:2      | Reached XP level 4. HP: 30/33 MP: 2/8
  1842 | D:2      | Found an iron altar of Okawaru.
  2296 | D:3      | Noticed a black bear
  2303 | D:3      | HP: 1/34 [black bear (2)]
  2303 | D:3      | Slain by a black bear

Illustrated notes

Levels and vault maps discovered:
D:1:      minmay_arrival_shattered_statue, layout_rooms, kennysheep_flooded_box
D:2:      layout_loops_ring, basic_altar, serial_glass, glass_columns_b,
          glass_columns_a
D:3:      minmay_diamond_boxcup, layout_rooms, mainiacjoe_overflow_paths,
          lightli_temple_of_fire, lemuel_tele_altar,
          nicolae_elyvilon_temple_path, st_stairs_11
D:4:      layout_rooms, mainiacjoe_overflow_surrounded_room,
          minmay_temple_entry_arrows, serial_bayou_pond_c, kennysheep_dice,
          uniq_blork_the_orc

Skill      XL: |  1  2  3  4 |
---------------+-------------+-----
Fighting       | 1 2 |  2.5
Earth Magic    | 3 |  3.5
Spellcasting   | 3 |  3.1
Dodging        | |  1.7
Stealth        | |  1.7
Conjurations   | |  1.0

Action                     |  1- 3 |  4- 6 || total
---------------------------+-------+-------++-------
  Melee: Short sword       |     6 |       ||     6
         Dagger            |     8 |    24 ||    32
         Kick              |     1 |     4 ||     5
   Cast: Sandblast         |    56 |    32 ||    88
    Use: Potion            |     1 |       ||     1
   Stab: Paralysed         |       |     3 ||     3
         Sleeping          |       |     3 ||     3
 Armour: Robe              |    43 |    27 ||    70
  Dodge: Dodged            |    29 |    32 ||    61

Table legend: (Time is in decaauts)
 A = Elapsed time spent in this place.
 B = Non-inter-level travel time spent in this place.
 C = Inter-level travel time spent in this place.
 D = Time resting spent in this place.
 E = Time spent auto-exploring this place.
 F = Levels seen in this place.
 G = Mean time per level.
                   A        B        C        D        E       F      G
               +--------+--------+--------+--------+--------+-----+--------+
         Total |   2345 |   2257 |     88 |    312 |   1469 |   4 |  586.2 |
       Dungeon |   2345 |   2257 |     88 |    312 |   1469 |   4 |  586.2 |
               +--------+--------+--------+--------+--------+-----+--------+

Top non-repeatable levels by time:
     D:2: 1141 daAuts
     D:1: 952 daAuts
     D:3: 178 daAuts
     D:4: 72 daAuts
